 Dungeon Crawl Stone Soup version 0.29.1-4-g47bece8355 (webtiles) character file.

Game seed: 11338874564035723625

4285 ChadusMaximus the Summoner (level 10, -1/66 (69) HPs)
             Began as a Human Summoner on Dec 5, 2022.
             Was a Follower of Yredelemnul.
             Slain by a vampire (5 damage)
             ... on level 8 of the Dungeon.
             The game lasted 00:25:40 (11808 turns).

ChadusMaximus the Summoner (Human Summoner)        Turns: 11808, Time: 00:25:41

HP:   -1/66 (69)    AC:  8    Str: 15    XL:     10   Next: 57%
MP:   30/30         EV: 10    Int: 24    God:    Yredelemnul [*.....]
Gold: 353           SH:  0    Dex: 14    Spells: 11/24 levels left

rFire   + . .      SeeInvis .   Q - +4 spear (freeze)
rCold   . . .      Faith    .   D - +0 kite shield {rF+}
rNeg    + . .      Spirit   .   z - +0 steam dragon scales
rPois   .          Reflect  .   u - +2 hat
rElec   .          Harm     .   (no cloak)
rCorr   .          Rampage  .   (no gloves)
Will    .....      Rage     3%  J - +0 pair of boots of Stoicism {MP+9 Str+3 Int+4}
Stlth   +.........              (no amulet)
HPRegen 0.21/turn               m - ring of positive energy
MPRegen 0.22/turn               o - +6 ring of strength

@: confused, lightly drained
A: berserk 1, robust 1, weak 1
a: Renounce Religion, Recall Undead Harvest


You were on level 8 of the Dungeon.
You worshipped Yredelemnul.
Yredelemnul was noncommittal.
You visited 1 branch of the dungeon, and saw 8 of its levels.
You also visited: Sewer and Ossuary.

You collected 479 gold pieces.
You spent 126 gold pieces at shops.

Inventory:

Hand Weapons
 c - a +0 dagger
 f - a +2 dagger of protection
 l - a +0 morningstar
 K - a +0 halberd
 Q - a +4 spear of freezing (weapon)
Missiles
 I - 3 throwing nets
Armour
 u - a +2 hat (worn)
 z - +0 steam dragon scales (worn)
 D - a +0 kite shield of fire resistance (worn)
 J - the +0 pair of boots of Stoicism (worn) {MP+9 Str+3 Int+4}
   (You found it on level 5 of the Dungeon)

   Str:       It affects your strength (+3).
   Int:       It affects your intelligence (+4).
   MP:        It affects your magic capacity (+9).
 L - a scarf of shadows
Jewellery
 i - a ring of protection from fire
 m - a ring of positive energy (left hand)
 o - a +6 ring of strength (right hand)
 C - a ring of protection from cold
 H - a ring of flight
 N - an amulet of faith
Wands
 n - a wand of light (8)
 A - a wand of flame (22)
 B - a wand of digging (7)
 M - a wand of iceblast (7)
Scrolls
 e - 2 scrolls of magic mapping
 g - a scroll of enchant armour
 h - 7 scrolls of teleportation
 j - 2 scrolls of vulnerability
 p - 3 scrolls of fog
 r - a scroll of fear
 x - a scroll of blinking
 y - 2 scrolls of noise
 E - 2 scrolls of amnesia
 F - a scroll of torment
 P - 3 scrolls of brand weapon
 R - a scroll of summoning
Potions
 a - 2 potions of degeneration {unknown}
 b - 3 potions of magic
 d - a potion of lignification {unknown}
 k - a potion of mutation
 q - a potion of cancellation {unknown}
 s - 3 potions of heal wounds {unknown}
 t - 5 potions of curing
 v - a potion of attraction {unknown}
 w - 4 potions of haste
 G - 2 potions of might {unknown}
 O - a potion of resistance {unknown}
 S - 2 potions of brilliance {unknown}
 T - a potion of invisibility {unknown}


   Skills:
 - Level 2.3 Dodging
 - Level 2.4 Stealth
 + Level 4.0 Shields
 + Level 7.7 Spellcasting
 * Level 12.0 Summonings


You had 11 spell levels left.
You knew the following spells:

 Your Spells              Type           Power      Damage    Failure   Level
a - Summon Small Mammal   Summ           100%       N/A       1%          1
b - Call Canine Familiar  Summ           61%        N/A       1%          3
c - Call Imp              Summ           61%        N/A       1%          2
d - Summon Lightning Spi  Summ/Air       38%        N/A       17%         4
e - Summon Guardian Gole  Hex/Summ       38%        N/A       4%          3

Your spell library contained the following spells:

 Spells                   Type           Power      Damage    Failure   Level
 Blink                    Tloc           18%        N/A       30%         2
 Sublimation of Blood     Necr           9%         N/A       30%         2
 Wereblood                Tmut           9%         N/A       30%         2
 Summon Hydra             Summ           30%        N/A       77%         7
 Passage of Golubria      Tloc           9%         N/A       89%         4
 Manifold Assault         Tloc           9%         N/A       99%         5
 Silence                  Hex/Air        4%         N/A       99%         5
 Storm Form               Tmut/Air       4%         N/A       100%        7
 Lehudib's Crystal Spear  Conj/Erth      4%         10d3      100%        8


Dungeon Overview and Level Annotations

Branches:
Dungeon (8/15)             Temple (0/1) D:7           Sewer (visited)
Ossuary (visited)
   Lair: D:8-11

Altars:
Sif Muna
Yredelemnul
Zin

Shops:
D:4 :*

Annotations:
D:4 Eustachio
D:5 2 runed translucent doors, Quickbrownfox's ghost, novice DsIE


Innate Abilities, Weirdness & Mutations

You sometimes lose your temper in combat.
You are robust. (+10% HP)
You are weak. (Str -2)


Message History

Okay, then.
Your wyvern zombie closely misses the orc wizard.
The orc wizard gestures at you while chanting.
You are more confused.
The orc wizard hits your wyvern zombie with a +0 dagger.
The wight barely misses you.
The vampire casts a spell.
The vampire flickers and vanishes!
Deactivating autopickup; reactivate with Ctrl-A.
The orc wizard zombie hits you but does no damage.
The wight barely misses you.
The orc wizard points at you and mumbles some strange words.
Your warg easily resists.
The wight hits you with a +1 hand axe.
The wight barely misses your wyvern zombie.
The orc wizard gestures at you while chanting.
The puff of flame hits you. You resist.
Your warg misses the orc wizard. The orc wizard zombie hits you.
The orc priest calls down the wrath of Beogh upon you.
Beogh smites you!
The orc wizard hits your warg but does no damage.
The wight hits you with a +1 hand axe. The wight closely misses you.
Your wyvern zombie closely misses the orc wizard.
Unknown command.
Your warg bites the orc wizard!
Your wyvern zombie barely misses the orc wizard.
Your ice beast zombie hits the orc wizard but does no damage.
The orc wizard zombie hits you but does no damage.
The orc priest mumbles some strange prayers to Beogh against you.
Beogh smites you! The orc wizard closely misses you.
The orc wizard hits your warg with a +0 dagger.
The wight hits you with a +1 hand axe!
* * * LOW HITPOINT WARNING * * *
You partially resist.
You feel drained.
* * * LOW HITPOINT WARNING * * *
The wight hits you with a +0 flail!
* * * LOW HITPOINT WARNING * * *
You partially resist.
You feel drained. Something hits you.
You die...
Your body rises from the dead as a mindless zombie.

*********##* *** *,,,,,,,,..* ,,*
**,*******#.*
,,***,,,**#####.#######**********
,,,,,,,,,,,...<...##..,,,,,,,,,,,
,,***,,,*,,,,........#***########
,,****,**.>####{zz##.# #Z......
,,,***,**...ooh.@.##.### #Z######
,*,,,,,**.####Zo.Z##.#Z###.###
,,,***,**,*#....Z.....#.ZZ...#
*,****,**,*#.........###.###.#
*,* *,,,,,.....#......#.## #.#
*,***,,,,....############# #Z####
,,,,,,,**###.#...........# #..ZZ.
,,,,,,,* #,+...........# ####Z.
,,,,,,,* *,#...........# #Z#


You could see 2 wights, an orc priest, 2 orc wizards, an orc wizard zombie, a
friendly warg (summoned), a friendly wyvern zombie and a friendly ice beast
zombie.

Vanquished Creatures
  A wraith (Ossuary)
  An orc warrior (D:8)
  2 phantoms
  Blork the orc (D:6)
  A hound (D:5)
  An iguana (D:4)
  A gnoll (D:4)
  5 adders
  A river rat (D:4)
  A white imp (D:7)
  2 worms
  A dart slug (D:3)
  7 orcs
  2 endoplasms
  3 giant cockroaches
  A goblin (D:1)
  2 hobgoblins (D:2)
  2 quokkas
  7 ball pythons
  5 bats
  A frilled lizard (Sewer)
  11 kobolds
  A kobold skeleton (Ossuary)
  3 orc skeletons (Ossuary)
  9 rats
72 creatures vanquished.

Vanquished Creatures (collateral kills)
  Gastronok (D:8)
  A wyvern (D:8)
  A steam dragon (D:6)
  A water moccasin (D:7)
  3 ice beasts
  A sky beast (D:6)
  A centaur (D:6)
  3 ogres
  A phantom (D:4)
  3 kobold brigands
  A bullfrog (D:7)
  A scorpion (D:5)
  2 necrophages
  5 wights
  A nameless horror (D:8)
  A jelly (D:5)
  2 orc priests
  6 hounds
  4 iguanas
  2 gnoll boudas (D:6)
  2 orc wizards
  A mummy (Ossuary)
  4 adders
  12 gnolls
  2 river rats (D:4)
  A shadow imp (D:6)
  2 white imps (D:6)
  2 dart slugs (D:4)
  8 orcs
  3 ball pythons
  4 endoplasms
  3 giant cockroaches
  3 goblins (D:2)
  A hobgoblin (D:4)
  16 kobolds
  2 quokkas
  2 bats
  A frilled lizard (D:3)
  3 gnoll skeletons (Ossuary)
  9 kobold skeletons (Ossuary)
  A kobold zombie (D:7)
  9 orc skeletons (Ossuary)
  6 rats
138 creatures vanquished.

Vanquished Creatures (others)
  7 kobold zombies (D:7)
  2 orc zombies (D:8)
  2 plants (Sewer)
11 creatures vanquished.

Grand Total: 221 creatures vanquished

Notes
Turn   | Place    | Note
-------+----------+-------------------------------------------
     0 | D:1      | ChadusMaximus the Human Summoner began the quest for the
                  | Orb.
     0 | D:1      | Reached XP level 1. HP: 13/13 MP: 3/3
   233 | D:1      | Reached XP level 2. HP: 4/19 MP: 3/5
   931 | D:1      | Found a faded altar of an unknown god.
  1533 | D:2      | Reached XP level 3. HP: 18/24 MP: 3/6
  2054 | D:2      | Reached XP level 4. HP: 26/30 MP: 7/7
  2171 | D:3      | Learned a level 3 spell: Call Canine Familiar
  2174 | D:3      | Learned a level 2 spell: Call Imp
  2806 | D:3      | Reached skill level 5 in Summonings
  3042 | D:3      | Reached XP level 5. HP: 19/35 MP: 1/9
  3588 | D:3      | Found a glowing silver altar of Zin.
  3818 | D:4      | Found a glowing drain.
  3822 | Sewer    | Entered a sewer
  3884 | Sewer    | Noticed a kobold brigand
  3906 | Sewer    | Killed a kobold brigand
  3907 | Sewer    | Reached XP level 6. HP: 18/41 MP: 1/11
  4299 | Sewer    | Reached skill level 6 in Summonings
  5418 | D:4      | Reached XP level 7. HP: 45/46 MP: 6/12
  5546 | D:4      | Found Zizxy's Book Boutique.
  5856 | D:4      | Found Jicolon's Fire Supplies.
  5891 | D:4      | Bought a +0 kite shield of fire resistance for 126 gold
                  | pieces
  6021 | D:4      | Reached skill level 7 in Summonings
  6398 | D:5      | Entered Level 5 of the Dungeon
  6463 | D:5      | Found a large runed translucent door.
  6463 | D:5      | Found a large runed translucent door.
  6679 | D:5      | Reached XP level 8. HP: 52/52 MP: 10/15
  6748 | D:5      | Reached skill level 8 in Summonings
  6942 | D:5      | Reached skill level 5 in Spellcasting
  7085 | D:5      | Noticed Eustachio
  7662 | D:5      | Identified the +0 pair of boots of Stoicism {MP+9 Str+3
                  | Int+4}
  8275 | D:5      | Noticed Quickbrownfox's ghost (novice DsIE)
  8421 | D:5      | Learned a level 4 spell: Summon Lightning Spire
  8800 | D:6      | Reached skill level 9 in Summonings
  8877 | D:6      | Reached XP level 9. HP: 57/57 MP: 17/17
  9478 | D:5      | Gained mutation: You are robust. (+10% HP) [potion of
                  | mutation]
  9478 | D:5      | Gained mutation: You occasionally lose the ability to read
                  | scrolls when taking damage. [potion of mutation]
  9478 | D:5      | Gained mutation: Your spells are a little easier to cast,
                  | but a little less powerful. [potion of mutation]
  9479 | D:5      | Lost mutation: You occasionally lose the ability to read
                  | scrolls when taking damage. [potion of mutation]
  9479 | D:5      | Lost mutation: Your spells are a little easier to cast, but
                  | a little less powerful. [potion of mutation]
  9479 | D:5      | Gained mutation: You sometimes lose your temper in combat.
                  | [potion of mutation]
  9479 | D:5      | Gained mutation: You are weak. (Str -2) [potion of
                  | mutation]
  9565 | D:6      | Noticed Blork the orc
  9572 | D:6      | Killed Blork the orc
  9728 | D:6      | Reached skill level 10 in Summonings
 10197 | D:6      | Found a basalt altar of Yredelemnul.
 10197 | D:6      | Found a shimmering blue altar of Sif Muna.
 10203 | D:6      | Became a worshipper of Yredelemnul the Dark
 10296 | D:6      | Learned a level 3 spell: Summon Guardian Golem
 10557 | D:7      | Found a staircase to the Ecumenical Temple.
 10568 | D:7      | Reached skill level 1 in Shields
 11255 | D:8      | Found a sand-covered staircase.
 11268 | Ossuary  | Entered an ossuary
 11356 | Ossuary  | Reached skill level 11 in Summonings
 11356 | Ossuary  | Reached XP level 10. HP: 69/69 MP: 20/20
 11546 | D:8      | Reached * piety under Yredelemnul
 11658 | D:8      | Noticed Gastronok
 11693 | D:8      | Killed Gastronok
 11694 | D:8      | Reached skill level 12 in Summonings
 11808 | D:8      | Slain by a vampire

Illustrated notes

Levels and vault maps discovered:
D:1:      onia_arrival_handbag, layout_rooms,
          hellmonk_ecumenical_altar_heavens_door, minmay_strange_pillars
D:2:      layout_rooms, grunt_decor_mini_mirrors
D:3:      layout_loops_ring, lemuel_round_altar, minmay_misc_feat_five,
          minmay_splitting_lines, minmay_puff
D:4:      layout_loops_ring, serial_shops, shop, gup_sewer_entry_spiral,
          nicolae_shop_fire_sale [nicolae_sub_dead_trees], serial_park_tiny_pond
D:5:      layout_rooms, ebering_ghost_disaster_area, uniq_eustachio
D:6:      layout_rooms, gammafunk_temple_overflow_statue,
          minmay_fractal_squares_diagonal_5, uniq_blork_the_orc
D:7:      layout_basic, temple_pool_b, mrwooster_statue_mirror
D:8:      kennysheep_blocky_hall, layout_loops_ring, enter_ossuary_1,
          kennysheep_generic_room_8, uniq_gastronok

Skill      XL: |  1  2  3  4  5  6  7  8  9 10 |
---------------+-------------------------------+-----
Summonings     | 5 6 7 9 11 12 | 12.0
Spellcasting   | 3 4 5 7 |  7.7
Shields        | 2 4 |  4.0
Dodging        | |  2.3
Stealth        | |  2.4

Action                   |  1- 3 |  4- 6 |  7- 9 | 10-12 || total
-------------------------+-------+-------+-------+-------++-------
Melee: Dagger            |    24 |       |    31 |       ||    55
       Unarmed           |     5 |       |       |       ||     5
       Morningstar       |     4 |   109 |    74 |       ||   187
       Punch             |       |     1 |       |       ||     1
       Spear             |       |       |    39 |    20 ||    59
       Halberd           |       |       |     4 |       ||     4
 Cast: Summon Small Mamm |    32 |    14 |    48 |     3 ||    97
       Call Canine Famil |       |    18 |    35 |     4 ||    57
       Call Imp          |       |     4 |    18 |       ||    22
       Summon Lightning  |       |       |    10 |     5 ||    15
  Use: Scroll            |       |     7 |     9 |     3 ||    19
       Potion            |       |       |     2 |       ||     2
 Stab: Sleeping          |     3 |     6 |     3 |     1 ||    13
       Distracted        |       |     1 |     3 |       ||     4
Armor: Robe              |    23 |    21 |       |       ||    44
       Leather armour    |       |    23 |    53 |       ||    76
       Steam dragon scal |       |       |    14 |     5 ||    19
Dodge: Dodged            |    55 |    96 |   108 |    11 ||   270
Block: Kite shield       |       |       |    25 |     2 ||    27
